Map: Neon Violet Square LE

Players

Leenock

  • Race: Zerg Zerg
  • League: Grandmaster
  • Spawn Location: 5:00

TYTY (TY) - Winner!

  • Race: Terran Terran
  • League: Master
  • Spawn Location: 11:00

Event: Memes & Dreams Invitational

VOD

Have the link to the VOD?

Description

Time

  • Played on: April 15, 2018, 5 a.m.
  • Length: 16:05

All games in this series

Show
View Real Time Build Order
Export as new Build Order

Leenock Zerg 

Build Orders: Hatch First 

Get SALT Encoding   

  12  0:00  Drone  
  13  0:13  Overlord  
  13  0:18  Drone  
  14  0:31  Drone x2  
  14  0:35  Drone  
  17  0:52  Hatchery  
  17  0:56  Drone  
  17  1:00  Drone  
  18  1:06  Extractor  
  17  1:14  Spawning Pool  
  17  1:18  Drone  
  17  1:21  Drone  
  18  1:28  Drone  
  19  1:39  Overlord  
  19  2:01  Zergling x4, Queen  
  21  2:03  Queen  
  21  2:04  Drone  
  26  2:09  Metabolic Boost  
  26  2:13  Drone  
  26  2:15  Drone  
  28  2:22  Drone  
  29  2:25  Drone  
  30  2:32  Drone  
  30  2:35  Extractor  
  30  2:36  Drone  
  31  2:41  Queen  
  33  2:44  Queen  
  33  2:47  Drone  
  36  2:52  Overlord  
  37  2:59  Overlord  
  37  3:11  Drone x2  
  37  3:12  Drone x3  
  42  3:13  Drone x2  
  42  3:18  Drone  
  42  3:19  Drone x2  
  47  3:21  Drone  
  48  3:32  Hatchery  
  46  3:43  Queen  
  46  3:44  Roach Warren  
  46  3:47  Zergling x6  
  50  3:49  Zergling x2  
  50  3:53  Overlord  
  51  3:55  Extractor  
  51  3:56  Drone  
  51  3:57  Overlord  
  51  4:15  Drone x3  
  54  4:26  Overlord  
  53  4:32  Roach x7  
  53  4:33  Lair  
  53  4:35  Overlord  
  53  4:36  Spore Crawler  
  53  4:38  Spore Crawler  
  65  4:40  Drone  
  65  4:43  Overlord  
  65  4:45  Overlord  
  68  4:53  Roach x2  
  68  4:55  Roach x2  
  68  4:57  Roach  
  78  5:00  Zergling x6  
  78  5:06  Zergling x4  
  83  5:09  Roach  
  83  5:11  Roach x2  
  83  5:22  Drone, Roach x2  
  83  5:23  Drone  
  83  5:24  Drone x2  
  83  5:28  Drone x2  
  93  5:31  Drone  
  93  5:35  Drone x2  
  96  5:36  Drone  
  96  5:37  Glial Reconstitution  
  97  5:46  Overlord  
  97  5:49  Overlord  
  97  5:51  Overlord  
  97  5:54  Overlord  
  97  6:05  Drone  
  92  6:15  Drone  
  90  6:24  Drone  
  90  6:25  Drone x10  
  85  6:26  Extractor  
  85  6:27  Extractor  
  85  6:31  Roach x4  
  89  6:34  Drone x4  
  89  6:36  Hatchery  
  92  6:42  Burrow  
  92  6:45  Drone, Hatchery  
  92  6:47  Extractor  
  92  6:49  Evolution Chamber  
  92  6:50  Evolution Chamber  
  89  6:55  Drone x4, Tunneling Claws  
  89  6:59  Extractor  
  96  7:01  Roach x2  
  96  7:02  Roach  
  96  7:03  Roach x2  
  102  7:17  Drone  
  102  7:18  Drone  
  104  7:27  Overlord  
  104  7:33  Zerg Ground Armor Level 1, Roach, Zerg Missile Weapons Level 1  
  104  7:34  Drone, Roach x5  
  104  7:35  Drone x8  
  104  7:36  Overlord  
  125  7:40  Overlord  
  125  7:49  Infestation Pit  
  125  7:51  Drone x4  
  125  7:52  Queen  
  125  7:56  Drone  
  132  7:58  Drone x2  
  132  7:59  Drone  
  134  8:06  Overlord  
  134  8:23  Drone x7  
  134  8:24  Extractor  
  134  8:25  Extractor  
  139  8:29  Hydralisk Den, Roach x11  
  139  8:30  Hive  
  138  8:36  Roach x6  
  138  8:37  Roach x3  
  138  8:38  Roach x3  
  138  8:41  Baneling Nest, Roach x4  
  165  8:42  Roach x2  
  165  8:45  Overlord  
  173  8:53  Overlord  
  173  8:56  Overlord  
  173  8:57  Roach x5  
  173  8:58  Overlord x2, Grooved Spines  
  173  8:59  Overlord  
  163  9:08  Roach x2  
  151  9:18  Overlord  
  151  9:19  Roach x6  
  151  9:21  Zergling x12  
  159  9:32  Ravager x5  
  159  9:33  Ravager  
  159  9:34  Ravager x2  
  159  9:35  Zergling x18, Roach x3  
  159  9:38  Centrifical Hooks  
  182  9:44  Spine Crawler  
  182  9:45  Extractor x2, Drone x7, Spine Crawler  
  179  9:47  Spine Crawler  
  179  9:48  Spine Crawler  
  179  9:49  Zerg Missile Weapons Level 2  
  179  9:51  Zerg Ground Armor Level 2  
  177  10:07  Zergling x14  
  175  10:09  Baneling  
  175  10:10  Baneling x15  
  175  10:13  Zergling x2, Roach x2  
  175  10:14  Zergling x26  
  198  10:24  Ravager  
  196  10:30  Hatchery  
  157  10:42  Roach  
  126  10:50  Roach x8  
  126  10:51  Roach  
  126  10:52  Roach x19  
  126  10:56  Roach x2  
  165  11:08  Roach x18  
  153  11:16  Zergling x22, Roach  
  153  11:17  Roach  
  147  11:19  Roach  
  147  11:22  Viper  
  147  11:23  Viper  
  127  11:49  Roach x15  
  127  11:52  Roach x2  
  141  11:58  Drone x2, Viper  
  141  11:59  Drone x4  
  150  12:16  Hatchery  
  150  12:22  Hatchery  
  148  12:23  Zerg Ground Armor Level 3  
  148  12:24  Zerg Missile Weapons Level 3  
  148  12:25  Muscular Augments  
  148  12:26  Hydralisk x6  
  160  12:31  Baneling x4  
  160  12:32  Baneling x7, Ravager  
  160  12:33  Ravager x3  
  160  12:34  Ravager  
  160  12:35  Ravager x2  
  167  12:37  Roach  
  169  12:48  Roach x4  
  169  12:58  Roach x2  
  169  12:59  Roach x3  
  169  13:01  Roach  
  169  13:02  Roach x8  
  172  13:16  Zergling x6  
  172  13:17  Zergling x12  
  167  13:22  Hydralisk x3  
  167  13:24  Roach  
  167  13:25  Roach  
  168  13:28  Roach x15  
  168  13:32  Hydralisk x4  
  170  13:36  Hydralisk x3  
  170  13:38  Viper  
  179  13:48  Roach  
  174  13:49  Roach  
  174  13:51  Roach  
  174  13:55  Hydralisk x4  
  149  13:56  Hydralisk x4  
  149  13:58  Hydralisk  
  149  14:00  Roach  
  149  14:01  Drone x2, Roach x2  
  149  14:02  Drone  
  160  14:13  Hydralisk  
  160  14:14  Roach x8  
  170  14:22  Roach  
  170  14:23  Roach x4  
  179  14:24  Roach x3  
  179  14:27  Roach x3  
  179  14:30  Roach  
  182  14:40  Roach  
  182  14:42  Roach x5  
  182  14:43  Roach  
  180  14:56  Hydralisk x8  
  180  14:58  Zergling x2  
  156  15:09  Hydralisk  
  156  15:10  Hydralisk x4  
  127  15:17  Hydralisk  
  127  15:18  Hydralisk x4  
  127  15:20  Drone x2  
  127  15:21  Drone  
  128  15:22  Extractor  
  128  15:24  Extractor  
  128  15:25  Extractor, Roach x3  
  128  15:26  Queen  
  133  15:30  Roach  
  133  15:31  Roach  
  133  15:34  Roach x3  
  139  15:38  Roach x3  
  139  15:41  Roach  
  139  15:43  Roach x2  
  139  15:44  Roach x2  
Show
View Real Time Build Order
Export as new Build Order

TYTY Terran - Winner!

Build Orders: Reaper Expand, Mech 

Get SALT Encoding   

  12  0:00  SCV  
  13  0:12  SCV  
  14  0:19  Supply Depot  
  14  0:24  SCV  
  15  0:40  SCV  
  15  0:41  Barracks  
  16  0:46  Refinery  
  16  0:52  SCV  
  17  1:04  SCV  
  18  1:16  SCV  
  19  1:28  Reaper  
  19  1:29  Orbital Command  
  20  1:42  Command Center  
  20  1:50  Supply Depot  
  20  1:56  SCV  
  20  2:00  Marine  
  22  2:07  Factory  
  22  2:11  SCV  
  23  2:19  Refinery  
  23  2:23  Barracks Reactor, SCV  
  24  2:35  SCV  
  25  2:47  SCV  
  26  2:54  Orbital Command  
  26  2:59  SCV  
  26  3:03  Hellion x2  
  31  3:09  Ghost Academy  
  31  3:10  Barracks Tech Lab  
  31  3:11  SCV  
  33  3:20  SCV  
  33  3:23  SCV  
  33  3:25  Hellion  
  33  3:26  Supply Depot  
  36  3:32  SCV  
  37  3:35  SCV  
  37  3:37  Ghost  
  40  3:44  Hellion, SCV  
  40  3:46  Hellion  
  40  3:47  SCV  
  46  3:52  Armory  
  46  3:56  SCV  
  46  4:02  Supply Depot  
  47  4:03  SCV  
  47  4:06  Ghost  
  47  4:08  SCV  
  51  4:15  SCV  
  52  4:17  Hellion  
  52  4:23  SCV  
  54  4:24  Hellion  
  54  4:27  SCV  
  57  4:35  SCV, Ghost  
  60  4:38  Hellion  
  60  4:45  Command Center  
  62  4:48  Supply Depot  
  62  4:52  Terran Vehicle Weapons Level 1  
  62  5:07  Refinery  
  62  5:08  Refinery  
  62  5:10  SCV x2  
  67  5:22  SCV x2  
  67  5:26  Command Center  
  67  5:27  Supply Depot  
  66  5:34  SCV  
  68  5:37  Factory  
  68  5:38  Factory, Siege Tank  
  70  5:43  Supply Depot x2  
  70  5:49  SCV x2  
  72  5:53  Armory  
  72  6:01  SCV x2  
  72  6:03  Orbital Command  
  74  6:10  Siege Tank  
  73  6:13  SCV x2  
  72  6:25  SCV x2  
  68  6:29  SCV  
  69  6:33  Hellion x5, Factory Tech Lab  
  69  6:37  SCV x2  
  69  6:38  Orbital Command  
  75  6:41  SCV  
  75  6:42  Barracks Tech Lab  
  75  6:43  Siege Tank  
  79  6:48  Terran Vehicle Weapons Level 2  
  79  6:49  SCV x2  
  79  6:50  Terran Vehicle And Ship Armor Level 1  
  79  6:53  Refinery  
  81  6:54  Refinery  
  81  6:57  SCV  
  81  7:00  Orbital Command  
  86  7:01  SCV  
  86  7:03  Siege Tank  
  86  7:04  SCV  
  87  7:09  SCV  
  87  7:14  SCV  
  93  7:16  Hellion x2  
  93  7:19  SCV  
  93  7:20  Factory  
  93  7:21  SCV  
  93  7:22  Factory  
  95  7:26  SCV  
  95  7:28  SCV  
  96  7:31  SCV, Ghost  
  96  7:33  Hellion, SCV  
  96  7:34  Supply Depot  
  96  7:35  Siege Tank  
  105  7:38  SCV  
  105  7:40  SCV  
  105  7:41  Hellion  
  105  7:42  Hellion  
  105  7:44  SCV  
  112  7:45  SCV  
  112  7:46  Refinery  
  112  7:49  Supply Depot  
  112  7:50  SCV  
  114  7:52  SCV  
  114  7:54  Siege Tank, Engineering Bay  
  114  7:56  SCV  
  114  7:57  SCV  
  120  8:00  Supply Depot  
  120  8:01  Ghost  
  120  8:03  Hellion  
  120  8:05  Factory Tech Lab  
  124  8:06  Hellion, Factory Reactor, SCV x2  
  124  8:10  Hellion  
  124  8:11  Supply Depot x2  
  128  8:15  Factory  
  128  8:19  SCV x3, Refinery  
  131  8:22  Missile Turret  
  131  8:24  Missile Turret  
  131  8:26  Hellion  
  136  8:29  Siege Tank  
  136  8:31  Supply Depot  
  136  8:33  Thor  
  142  8:35  Ghost  
  142  8:40  Siege Tank  
  145  8:49  Hellion x3  
  145  8:54  SCV x3  
  139  9:01  Siege Tank  
  139  9:02  SCV  
  140  9:06  SCV x2  
  140  9:08  Missile Turret  
  140  9:09  SCV  
  141  9:13  Missile Turret  
  141  9:14  SCV  
  140  9:18  Siege Tank x2, SCV x2  
  140  9:21  SCV, Factory Tech Lab  
  148  9:24  Ghost  
  148  9:26  SCV  
  148  9:30  SCV  
  153  9:31  SCV  
  153  9:33  Hellion x2, SCV  
  153  9:38  SCV  
  158  9:42  SCV  
  158  9:43  SCV  
  160  9:50  Siege Tank  
  160  9:52  Supply Depot  
  163  9:53  Terran Vehicle Weapons Level 3  
  163  10:04  Terran Vehicle And Ship Armor Level 2  
  164  10:07  SCV  
  164  10:13  Siege Tank, SCV  
  164  10:14  Hellion x2  
  172  10:15  Sensor Tower  
  172  10:17  Supply Depot  
  172  10:25  Supply Depot x2  
  172  10:34  SCV  
  172  10:35  Siege Tank  
  172  10:38  Siege Tank x2  
  172  10:39  Hellion x2  
  172  10:40  Hellion  
  166  10:49  Siege Tank  
  142  10:50  Hellion, Ghost  
  142  11:00  Hellion x2  
  142  11:02  Hellion  
  145  11:05  Command Center  
  145  11:07  Siege Tank  
  145  11:11  Hellion, Siege Tank x2  
  144  11:18  Ghost  
  144  11:21  Hellion  
  144  11:24  Siege Tank  
  144  11:25  Hellion x2, Infernal Pre-Igniter  
  153  11:26  SCV x3  
  150  11:40  Missile Turret  
  150  11:46  Siege Tank x2  
  155  11:47  Hellion x2  
  155  11:50  Ghost  
  155  11:52  Hellion x2  
  161  11:55  Missile Turret  
  161  11:56  Siege Tank, SCV  
  161  12:00  Factory  
  165  12:06  Thor  
  168  12:09  SCV x3  
  171  12:18  Hellion x2  
  171  12:19  Refinery x2  
  171  12:21  Sensor Tower  
  175  12:24  Hellion, Siege Tank x2  
  175  12:25  Planetary Fortress  
  183  12:39  Terran Vehicle And Ship Armor Level 3  
  183  12:41  Hellion x2  
  183  12:43  Factory Tech Lab  
  187  12:49  Command Center, Ghost  
  187  12:58  Siege Tank x3  
  187  12:59  Siege Tank  
  184  13:18  Hellion, Siege Tank  
  184  13:19  Hellion  
  182  13:22  Ghost  
  184  13:30  Siege Tank  
  184  13:32  Siege Tank x2  
  184  13:33  Hellion, Siege Tank  
  190  13:35  Hellion, SCV  
  190  13:38  Barracks x2  
  190  13:40  Hellion, Barracks  
  190  13:41  Barracks  
  195  13:55  Ghost  
  176  13:56  Siege Tank  
  176  13:57  Hellion x2  
  176  14:01  Planetary Fortress  
  188  14:02  Siege Tank  
  188  14:03  Refinery  
  188  14:04  Siege Tank  
  191  14:10  Thor  
  197  14:19  Hellion  
  199  14:27  Barracks Tech Lab x3  
  199  14:32  Refinery  
  199  14:41  Barracks Tech Lab  
  188  15:03  Siege Tank x3  
  188  15:05  Hellion x2, Ghost x3  
  186  15:07  Ghost  
  186  15:08  Hellion x2  
  186  15:12  Hellion x2  
  175  15:16  Command Center x2  
  175  15:18  Ghost  
  175  15:32  SCV x3  
  175  15:33  Ghost  
Tags
 
Add a new tag
Caveats
  • Supply blocks, unpowered buildings, or Contaminate may cause inaccurate times.
  • Supply counts are checked every 10 seconds.